[Event "*** SCC Grand Prix: Titled Tuesday Blitz"]
[Site "Chess.com"]
[Date "2020.09.29"]
[Round "7"]
[White "tsvet2005"]
[Black "bazar-wokzal"]
[Result "0-1"]
[WhiteElo "2637"]
[BlackElo "2492"]
[TimeControl "180+1"]
[EndTime "11:16:04 PDT"]
[Termination "bazar-wokzal won by checkmate"]

1. d4 Nf6 2. c4 Nc6 3. Nc3 e5 4. d5 Ne7 5. f3 Ng6 6. g4 Bc5 7. h4 h6 8. h5 Ne7 9. g5 hxg5 10. Bxg5 Rxh5 11. Rxh5 Nxh5 12. Nh3 d6 13. a3 a5 14. e3 Ng3 15. Bg2 f6 16. Bh4 Ngf5 17. Bf2 Bxe3 18. Qd3 Bxf2+ 19. Nxf2 Nh4 20. Bh3 Bxh3 21. Nxh3 Qd7 22. Nf2 Qf5 23. Qxf5 Nexf5 24. f4 exf4 25. Kd2 Kf7 26. Rh1 g5 27. Nce4 Ng3 28. Rh3 Nxe4+ 29. Nxe4 Re8 30. Kd3 b6 31. b4 axb4 32. axb4 Kg6 33.
c5 bxc5 34. bxc5 f5 35. Nxd6 cxd6 36. c6 Kf6 37. Rh1 Nf3 38. Rh7 Ke5 39. Kc4 Nd2+ 40. Kb5 Kxd5 41. c7 f3 42. Rh2 Ne4 43. Kb6 f2 44.
Rh1 g4 45. Rd1+ Ke5 46. Rc1 g3 47. Kc6 g2 48. Kd7 Nf6+ 49. Kc6 f1=Q 50. Rc3 g1=Q 51.
Kb7 Qfg2+ 52. Rc6 Qb1+ 53. Ka7 Qxc6 54. c8=Q Qcb6+ 55. Ka8 Rxc8# 0-1

[Event "*** SCC Grand Prix: Titled Tuesday Blitz"]
[Site "Chess.com"]
[Date "2020.09.29"]
[Round "7"]
[White "rynos0411"]
[Black "FMalexhdez"]
[Result "0-1"]
[WhiteElo "2418"]
[BlackElo "2256"]
[TimeControl "180+1"]
[EndTime "11:16:04 PDT"]
[Termination "FMalexhdez won on time"]

1. e4 c5 2. Nf3 d6 3. Bb5+ Bd7 4. Bxd7+ Qxd7 5. O-O Nc6 6. c3 g6 7. d4 cxd4 8. cxd4 Bg7 9. Nc3 Nf6 10. Re1 e6 11. d5 Ne5 12. Nxe5 dxe5 13. dxe6 fxe6 14.
Qb3 O-O 15. h3 Qc6 16. Bg5 Nd7 17. Rad1 Nc5 18. Qc4 Rf7 19. Be3 Rc8 20. Bxc5 Qxc5 21. Rd8+ Rf8 22. Qxe6+ Kh8 23. Rxf8+ Rxf8 24. Rf1 Bh6 25. Nd5 Qd4 26. Qe7 Bg7 27. Nc3 b5 28.
a3 a5 29. Qh4 b4 30. axb4 axb4 31. Nd5 Qxb2 32. Rd1 Qc2 33. Re1 b3 34. Qe7 b2 35.
Qb4 Qxf2+ 36. Kh1 Qf1+ 37. Rxf1 Rxf1+ 38. Kh2 b1=Q 39. Qe7 Qxe4 40. Qe8+ Rf8 41. Qd7 Bh6 42. Qe7 Bf4+ 43. Nxf4 Qxf4+ 0-1

[Event "*** SCC Grand Prix: Titled Tuesday Blitz"]
[Site "Chess.com"]
[Date "2020.09.29"]
[Round "7"]
[White "mr_gustavo"]
[Black "Jospem"]
[Result "0-1"]
[WhiteElo "2380"]
[BlackElo "2950"]
[TimeControl "180+1"]
[EndTime "11:16:05 PDT"]
[Termination "Jospem won by checkmate"]

1. e4 c5 2. Nf3 d6 3. d4 cxd4 4. Nxd4 a6 5. Bd3 e6 6. O-O Nf6 7. Nc3 b6 8. Qe2 Nbd7 9. a4 Qc7 10. a5 b5 11. Bg5 Be7 12. Rad1 O-O 13. f3 Bb7 14. Nb3 Rac8 15. Be3 Qb8 16. Na2 d5 17. exd5 Nxd5 18. Bd2 N7f6 19. Nc3 Nf4 20. Bxf4 Qxf4 21. Nd2 Bb4 22. Nce4 Nd5 23. Nb3 Qe3+ 24. Kh1 Qxe2 25. Bxe2 Ne3 26. c3 Nxd1 27. Rxd1 Bxe4 28. fxe4 Be7 29.
Rd7 Bf6 30. h3 Rfd8 31. Ra7 Rd6 32. Bf3 g6 33. Nd4 Bxd4 34. cxd4 Rxd4 35. Rxa6 Rc1+ 36. Kh2 Ra1 37. Ra8+ Kg7 38. Be2 Rda4 39. Bxb5 Rxa5 40. Rxa5 Rxa5 41. Bc4 Ra7 42. b3 Kf6 43. Kg3 Ke5 44.
Kf3 Kd4 45. Kf4 f6 46. e5 fxe5+ 47. Kg5 e4 48. Kh6 e3 49. g4 Rc7 50. g5 Rxc4 51. bxc4 e2 52. c5 e1=Q 53. c6 Qh4+ 54. Kg7 Qxg5 55. c7 Qe5+ 56. Kf8 Qxc7 57. h4 e5 58. h5 gxh5 59. Ke8 e4 60. Kf8 e3 61. Kg8 Ke5 62. Kf8 Kf6 63. Kg8 Qf7+ 64. Kh8 Qg7# 0-1

[Event "*** SCC Grand Prix: Titled Tuesday Blitz"]
[Site "Chess.com"]
[Date "2020.09.29"]
[Round "7"]
[White "Sergienko_Sergey"]
[Black "Caterpiller35"]
[Result "0-1"]
[WhiteElo "2361"]
[BlackElo "2502"]
[TimeControl "180+1"]
[EndTime "11:16:06 PDT"]
[Termination "Caterpiller35 won on time"]

1. e4 c5 2. Nf3 Nc6 3. Bb5 g6 4. Bxc6 bxc6 5. O-O Bg7 6. Re1 Nh6 7. c3 O-O 8. d4 cxd4 9. cxd4 d5 10. e5 Bg4 11.
Nbd2 Rb8 12. h3 Bxf3 13. Nxf3 Qa5 14. Bd2 Qb5 15. b4 f6 16. exf6 exf6 17. Qc2 Nf5 18. Re6 Rbc8 19. Rae1 Rf7 20. a4 Qb7 21. Rc1 Ne7 22. h4 Qd7 23. Rce1 Nf5 24. h5 Re7 25. Rxe7 Nxe7 26. hxg6 hxg6 27. Bf4 Kf7 28. Qc5 Nf5 29. g4 Bf8 30. Qa5 Nd6 31. Nh2 Nc4 32. Qa6 Bxb4 33. Rb1 c5 34. dxc5 Rc6 0-1

[Event "*** SCC Grand Prix: Titled Tuesday Blitz"]
[Site "Chess.com"]
[Date "2020.09.29"]
[Round "7"]
[White "annacramling"]
[Black "profofchess"]
[Result "0-1"]
[WhiteElo "2044"]
[BlackElo "2368"]
[TimeControl "180+1"]
[EndTime "11:16:06 PDT"]
[Termination "profofchess won on time"]

1. d4 Nf6 2. c4 e6 3. Nc3 Bb4 4. Qc2 b6 5. e4 c5 6. e5 cxd4 7. a3 Bxc3+ 8. bxc3 Ng8 9. cxd4 Bb7 10. Nf3 Bxf3 11. gxf3 Nc6 12. d5 Nxe5 13. Qe4 Ng6 14. Bb2 Nf6 15. Qd4 e5 16. Qe3 O-O 17. Bd3 d6 18. O-O Nh5 19. Kh1 Nhf4 20. Rg1 f5 21. Bc1 Rc8 22. Bd2 Qh4 23. Bf1 Nh3 24.
Bxh3 Qxh3 25. Rg3 Qh4 26. Qg5 Qxg5 27. Rxg5 Rxc4 28. Rag1 Rd4 29. Bc3 Rxd5 30. f4 Rd3 31. Bb4 a5 32. Be1 e4 33. h4 Rh3+ 34. Kg2 Rxh4 35.
f3 exf3+ 36. Kxf3 Rxf4+ 37. Ke3 Re4+ 38. Kd3 Rfe8 39. Bc3 f4 40. Rf1 Re3+ 41. Kc4 f3 42.
Kb5 Rxc3 43. Kxb6 Rc5 0-1

[Event "*** SCC Grand Prix: Titled Tuesday Blitz"]
[Site "Chess.com"]
[Date "2020.09.29"]
[Round "7"]
[White "AttilaTurzo"]
[Black "WinstonSilvakov"]
[Result "0-1"]
[WhiteElo "2403"]
[BlackElo "2149"]
[TimeControl "180+1"]
[EndTime "11:16:06 PDT"]
[Termination "WinstonSilvakov won by checkmate"]

1. d4 Nf6 2. Nf3 c5 3. c3 cxd4 4. cxd4 g6 5. Nc3 Bg7 6. e4 d6 7. h3 O-O 8. Be2 a6 9. a4 b6 10.
O-O Bb7 11. d5 Nbd7 12. Nd4 Rc8 13. Be3 Nc5 14. f3 Nh5 15. Re1 Be5 16. Rc1 Kh8 17.
b4 Nd7 18. Qd2 Nb8 19. f4 Bg7 20. b5 a5 21. Nc6 Qd7 22. g4 Ng3 23. Bf3 h5 24.
Kg2 h4 25. e5 e6 26. Bxb6 exd5 27. Bxd5 Nxc6 28. e6 fxe6 29. Bxc6 Rxc6 30. bxc6 Qxc6+ 31. Kh2 Rxf4 32. Be3 Rc4 33. Nb5 Be5 34. Rxc4 Qxc4 35. Bf4 Nf1+ 36. Kg1 Nxd2 37. Bxd2 Qd3 38. Be3 Qe4 39.
Re2 Qh1+ 40. Kf2 Bg3# 0-1

[Event "*** SCC Grand Prix: Titled Tuesday Blitz"]
[Site "Chess.com"]
[Date "2020.09.29"]
[Round "7"]
[White "isainz"]
[Black "ZenBull"]
[Result "1-0"]
[WhiteElo "2031"]
[BlackElo "2155"]
[TimeControl "180+1"]
[EndTime "11:16:06 PDT"]
[Termination "isainz won by checkmate"]

1. e4 c5 2. Nf3 e6 3. d4 cxd4 4. Nxd4 Nc6 5. Nc3 Qc7 6. Qd3 a6 7. Nxc6 Qxc6 8. Qg3 Nf6 9. Bd3 d5 10. exd5 Nxd5 11. Nxd5 Qxd5 12. O-O g6 13. Bf4 Bg7 14.
Rfd1 Qc6 15. Bd6 f5 16. Qh4 Bf8 17. Bxf8 Rxf8 18. Qxh7 e5 19. Be2 Bd7 20. Rxd7 Qxd7 21. Qxg6+ Qf7 22. Qd6 Qe7 23. Bh5+ Rf7 24. Qd5 Kf8 25.
Bxf7 Qxf7 26. Qxe5 Re8 27. Qc5+ Kg8 28. b3 Qe6 29.
Qc4 Qxc4 30. bxc4 Rc8 31. Rb1 Rxc4 32. Kf1 Rxc2 33. Rxb7 Rxa2 34. Ra7 a5 35. h3 a4 36. g4 fxg4 37. hxg4 a3 38. Kg2 Ra1 39. Kh2 a2 40. Kg2 Kf8 41. f4 Kg8 42. g5 Kf8 43. f5 Kg8 44. f6 Kf8 45. g6 Kg8 46. Ra8# 1-0

[Event "*** SCC Grand Prix: Titled Tuesday Blitz"]
[Site "Chess.com"]
[Date "2020.09.29"]
[Round "7"]
[White "AlexSuv"]
[Black "ARTHURMOTIVATOR"]
[Result "1/2-1/2"]
[WhiteElo "2504"]
[BlackElo "2370"]
[TimeControl "180+1"]
[EndTime "11:16:07 PDT"]
[Termination "Game drawn by repetition"]

1. d4 Nf6 2. c4 c5 3. d5 g6 4. Nc3 Bg7 5. e4 d6 6. Nf3 O-O 7. h3 e6 8. Bd3 Na6 9. O-O e5 10. a3 h6 11. Rb1 Nh7 12. b4 f5 13. Bc2 f4 14. Na4 b6 15. bxc5 Nxc5 16. Nxc5 bxc5 17.
Ba4 g5 18. Bc6 g4 19. Bxa8 gxf3 20. Qxf3 Ng5 21. Qh5 Nxe4 22. Bc6 Bf5 23. Rb7 Qf6 24. Bd7 Bg6 25. Qg4 Kh8 26. Qe6 Qg5 27. h4 Qh5 28. Qg4 f3 29. Qxh5 Bxh5 30. g3 Nc3 31. Be3 e4 32.
Be6 Ne2+ 33. Kh2 a5 34. Rd7 Bd4 35. Bxh6 Rb8 36. Rxd6 Rb2 37. Bg5 Be5 38. Rd8+ Kg7 39. Rd7+ Kh8 40. Rd8+ Kg7 41. Rd7+ Kh8 42. Rd8+ 1/2-1/2

[Event "*** SCC Grand Prix: Titled Tuesday Blitz"]
[Site "Chess.com"]
[Date "2020.09.29"]
[Round "7"]
[White "Rital44"]
[Black "gumimis"]
[Result "0-1"]
[WhiteElo "2342"]
[BlackElo "2228"]
[TimeControl "180+1"]
[EndTime "11:16:08 PDT"]
[Termination "gumimis won on time"]

1. e4 c5 2. Nf3 d6 3. d4 cxd4 4. Nxd4 Nf6 5. Nc3 a6 6. Be3 e5 7. Nb3 Be6 8. h3 Nc6 9. g4 Rc8 10. g5 Nd7 11. Qf3 Be7 12. h4 Nb4 13. O-O-O Nxa2+ 14. Nxa2 Bxb3 15. Nc3 Be6 16. Bh3 Qa5 17. h5 Qa1+ 18.
Nb1 Ba2 19. Kd2 Qxb2 20. Rc1 Bxb1 21. g6 Rxc2+ 22. Rxc2 Qxc2+ 23. Ke1 Nf6 24. Bf5 hxg6 25. hxg6 Rxh1+ 26. Qxh1 Qc3+ 27. Ke2 Bd3+ 28. Kf3 Qc2 29. Qh8+ Bf8 30. Qh4 d5 31. exd5 Qe2+ 32. Kg2 Bxf5 33. Qa4+ Qb5 34. gxf7+ Kxf7 35. Qa2 Qxd5+ 36. Qxd5+ Nxd5 0-1

[Event "*** SCC Grand Prix: Titled Tuesday Blitz"]
[Site "Chess.com"]
[Date "2020.09.29"]
[Round "7"]
[White "stolencandy13"]
[Black "norwaytoadog"]
[Result "1-0"]
[WhiteElo "2468"]
[BlackElo "2331"]
[TimeControl "180+1"]
[EndTime "11:16:09 PDT"]
[Termination "stolencandy13 won on time"]

1. e4 e5 2. Nf3 Nc6 3. Nc3 Nf6 4. d4 exd4 5. Nxd4 Bb4 6. Nxc6 bxc6 7. Bd3 d5 8. exd5 cxd5 9. O-O O-O 10. h3 c6 11.
Qf3 Re8 12. Bf4 Bd6 13. Ne2 Ne4 14. Rad1 Bxf4 15. Nxf4 Qf6 16. b3 Bf5 17. c4 Nc3 18. Nh5 Qg5 19. Qxf5 Qxf5 20. Bxf5 Nxd1 21. Rxd1 Re5 22.
Ng3 g6 23. Bd7 dxc4 24. bxc4 Rc5 25. Rd4 Rd8 26. Ne4 Ra5 27. Rd2 Kf8 28. c5 f5 29.
Bxc6 Rc8 30. Bd7 Rd8 31. c6 Ke7 32. Nd6 Rc5 33. Nb7 Rxc6 34. Nxd8 Rc1+ 35. Kh2 Kxd8 36. Bxf5+ Ke7 37. Be4 Kf6 38. Bd5 Rf1 39. Bb3 a5 40.
Kg3 Rb1 41. Rd4 Rb2 42. Ra4 h5 43. h4 1-0

[Event "*** SCC Grand Prix: Titled Tuesday Blitz"]
[Site "Chess.com"]
[Date "2020.09.29"]
[Round "7"]
[White "Sacbutt"]
[Black "StockholmMissile"]
[Result "1/2-1/2"]
[WhiteElo "2281"]
[BlackElo "2387"]
[TimeControl "180+1"]
[EndTime "11:16:09 PDT"]
[Termination "Game drawn by repetition"]

1. d4 f5 2. g4 fxg4 3. h3 g3 4. fxg3 g6 5. Nf3 Bg7 6. Bg2 Nf6 7. Nc3 d5 8. Bg5 O-O 9. O-O c6 10. Ne5 Nbd7 11. e4 dxe4 12. Nxd7 Bxd7 13. Bxf6 exf6 14. Nxe4 f5 15. Nc5 b6 16. Nxd7 Qxd7 17. c3 Rae8 18. Qf3 Re4 19. Qf2 Re6 20. Rad1 Kh8 21. Rfe1 Rfe8 22. Rxe6 Rxe6 23. Re1 h5 24. Re2 Qe7 25.
Bf3 Bh6 26. Rxe6 Qxe6 27. Qe2 Qd6 28. Qe5+ Qxe5 29. dxe5 c5 30. g4 fxg4 31. hxg4 h4 32. Be4 Kg7 33. b3 b5 34. c4 b4 35. Kg2 Bf4 36. e6 Kf6 37. e7 Kxe7 38. Bxg6 Kf6 39. Be8 Ke5 40. Kh3 Bg5 41. Kg2 Ke4 42. Kh3 Kd3 43. Kg2 Kc2 44. Kh3 Kb2 45. Ba4 Kxa2 46. Kg2 Kb2 47. Kh3 Kc3 48. Kg2 Kd4 49. Kh3 Ke5 50.
Bc6 Kf4 51. Bb5 Bf6 52. Bc6 Kg5 53. Bb5 Be5 54. Bc6 a6 55. Bb7 a5 56. Bc6 Bf6 57.
Bb5 Kf4 58. Bc6 Bg5 59. Bb5 Ke3 60. Bc6 Kd4 61. Bb5 Kc3 62. Ba4 Kb2 63. Kg2 Kc3 64.
Kh3 Kb2 65. Kg2 Ka3 66. Kh3 Kb2 1/2-1/2

[Event "*** SCC Grand Prix: Titled Tuesday Blitz"]
[Site "Chess.com"]
[Date "2020.09.29"]
[Round "7"]
[White "VladaSviridova"]
[Black "midedu"]
[Result "0-1"]
[WhiteElo "2235"]
[BlackElo "2130"]
[TimeControl "180+1"]
[EndTime "11:16:09 PDT"]
[Termination "midedu won on time"]

1. d4 Nf6 2. c4 g6 3. Nc3 Bg7 4. e4 d6 5. Nf3 O-O 6. Be2 Nc6 7.
O-O e5 8. d5 Ne7 9. Ne1 Ne8 10.
Be3 f5 11. f3 f4 12. Bf2 g5 13. Nd3 h5 14. a4 Ng6 15. a5 Nf6 16. a6 b6 17. Kh1 g4 18. b4 Rf7 19. c5 Bf8 20. cxd6 cxd6 21. Qe1 Bd7 22. Rg1 Nh7 23. g3 fxg3 24.
Rxg3 Qg5 25. fxg4 hxg4 26. Be3 Nf4 27. Qg1 Rg7 28. Rf1 Nxe2 29. Nxe2 Qg6 30. Nf2 Nf6 31.
Qg2 Bb5 32. Re1 Rc8 33. Ng1 Rc2 34. h4 Rh7 35. Qh2 Nxe4 36. Rg2 g3 37. Qh3 Rxf2 38. Bxf2 Nxf2+ 39. Rxf2 gxf2 0-1

[Event "*** SCC Grand Prix: Titled Tuesday Blitz"]
[Site "Chess.com"]
[Date "2020.09.29"]
[Round "7"]
[White "AlexOstrovskiy"]
[Black "chessfrendz"]
[Result "1-0"]
[WhiteElo "2743"]
[BlackElo "2359"]
[TimeControl "180+1"]
[EndTime "11:16:10 PDT"]
[Termination "AlexOstrovskiy won by checkmate"]

1. d4 d5 2. Bf4 Nf6 3. e3 e6 4. Nd2 Bd6 5. Bg3 O-O 6. Bd3 b6 7. e4 dxe4 8. Nxe4 Bb7 9. Qe2 Nxe4 10. Bxe4 Bxe4 11. Qxe4 Nd7 12. O-O-O Qg5+ 13. Kb1 Nf6 14. Qe2 Rfd8 15. Nf3 Qd5 16. c4 Qe4+ 17. Qxe4 Nxe4 18. Rhe1 Nxg3 19. hxg3 Kf8 20. Kc2 h6 21. g4 Be7 22.
Ne5 Bf6 23. f4 Bxe5 24. fxe5 c6 25. Kc3 Rd7 26. Rd3 Rad8 27. Red1 g6 28. b4 Kg7 29. a4 f5 30. gxf5 gxf5 31. b5 Rc8 32. bxc6 Rxc6 33. Kb3 Rcc7 34. d5 Rc5 35. Rd4 f4 36. Kb4 Kg6 37. Rxf4 exd5 38. e6 a5+ 39. Ka3 Rd6 40. cxd5 Rcxd5 41. e7 Rxd1 42. e8=Q+ Kg5 43. Qe5+ Kg6 44. Rg4+ Kf7 45. Rg7+ Kf8 46. Qe7# 1-0

[Event "*** SCC Grand Prix: Titled Tuesday Blitz"]
[Site "Chess.com"]
[Date "2020.09.29"]
[Round "7"]
[White "kreonx"]
[Black "ErikRonka"]
[Result "0-1"]
[WhiteElo "2352"]
[BlackElo "2476"]
[TimeControl "180+1"]
[EndTime "11:16:10 PDT"]
[Termination "ErikRonka won by resignation"]

1. e4 g6 2. d4 Bg7 3. h3 d6 4. Ne2 a6 5. a4 b6 6. g4 Bb7 7. Bg2 Nd7 8. O-O c5 9. Be3 Qc7 10. f4 Ngf6 11. Nbc3 cxd4 12. Bxd4 Kd8 13. e5 Ne8 14.
Bxb7 Qxb7 15. exd6 exd6 16. Bxg7 Nxg7 17. Qxd6 Qc7 18.
Qd4 Qc5 19. Ne4 Qxd4+ 20. Nxd4 Kc7 21. Rad1 h5 22. Nf3 hxg4 23. hxg4 Ne6 24. Nfg5 Nxg5 25. fxg5 Rh4 26. Rxd7+ Kxd7 27. Rxf7+ Ke8 28. Nd6+ Kd8 29. Rf8+ Kd7 30. Rxa8 Rxg4+ 31. Kf2 Kxd6 32. Rxa6 Kc7 33.
a5 Rxg5 34. Rxb6 Rxa5 35. Rb3 Rd5 36. Ke3 Rh5 37. Rb4 g5 38. Rg4 Rh2 39. Kd3 Rh3+ 40. Kc4 Rh4 41. Rxh4 gxh4 42. Kd3 h3 43. Ke2 h2 44.
Kf2 h1=Q 0-1

[Event "*** SCC Grand Prix: Titled Tuesday Blitz"]
[Site "Chess.com"]
[Date "2020.09.29"]
[Round "7"]
[White "maxsergej"]
[Black "novocane"]
[Result "1/2-1/2"]
[WhiteElo "2102"]
[BlackElo "2283"]
[TimeControl "180+1"]
[EndTime "11:16:11 PDT"]
[Termination "Game drawn by repetition"]

1. e4 c5 2. Nf3 Nc6 3. d4 cxd4 4. Nxd4 e5 5. Nb5 d6 6. Be3 Nf6 7. N1c3 a6 8. Na3 Be7 9. Nd5 Nxd5 10. exd5 Nd4 11. c3 Nf5 12. Bd2 O-O 13. Be2 Bg5 14. O-O Bd7 15. Nc4 Bb5 16. a4 Bxc4 17. Bxc4 Bxd2 18. Qxd2 Rc8 19. Bd3 Ne7 20. c4 a5 21.
b4 b6 22. Rac1 f5 23. f4 e4 24. Be2 Ng6 25. g3 Qc7 26. Qd4 axb4 27. Rb1 Qc5 28. Rfd1 Ra8 29. Ra1 Rfc8 30. Kg2 Ne7 31. h4 Qxd4 32.
Rxd4 Rc7 33. Bd1 g6 34. Bb3 Kg7 35. Rh1 h5 36. Rb1 Ng8 37. Bd1 Nf6 38. Rxb4 Ra6 39. Rd2 Nd7 40. Rdb2 Kf6 41. Kh2 Rca7 42. Kg2 Rc7 43.
Kh2 Rca7 44. Kg2 Rc7 1/2-1/2

[Event "*** SCC Grand Prix: Titled Tuesday Blitz"]
[Site "Chess.com"]
[Date "2020.09.29"]
[Round "7"]
[White "Susal_De_Silva"]
[Black "zmeeed67"]
[Result "1-0"]
[WhiteElo "2531"]
[BlackElo "2375"]
[TimeControl "180+1"]
[EndTime "11:16:12 PDT"]
[Termination "Susal_De_Silva won on time"]

1. e4 Nc6 2. Nc3 d6 3. d4 Nf6 4.
Nf3 Bg4 5. Bb5 a6 6. Bxc6+ bxc6 7. h3 Bc8 8. Be3 e6 9. O-O Be7 10. Qe2 a5 11. Nd2 Ba6 12. Qf3 Bxf1 13. Rxf1 O-O 14. g4 Nd7 15. Qg3 e5 16. d5 c5 17. f4 exf4 18.
Bxf4 Bg5 19. Kg2 Rb8 20. Nc4 Ra8 21. Bxg5 Qxg5 22. h4 Qe7 23. g5 Rfe8 24. h5 Ne5 25. Ne3 g6 26. Rh1 Rab8 27. b3 Rb4 28. a3 Rd4 29.
Qh4 Rd2+ 30. Kg3 c4 31. b4 axb4 32. axb4 Nd7 33. Kf3 Nf8 34. Ng4 Nd7 35. Nh6+ Kg7 36. Qf4 Rxc2 37. Ne2 Ne5+ 38. Ke3 f6 39. Nd4 Rc3+ 40.
Ke2 fxg5 41. Qh2 1-0

[Event "*** SCC Grand Prix: Titled Tuesday Blitz"]
[Site "Chess.com"]
[Date "2020.09.29"]
[Round "7"]
[White "night_player"]
[Black "OlaaLa"]
[Result "1/2-1/2"]
[WhiteElo "2120"]
[BlackElo "2314"]
[TimeControl "180+1"]
[EndTime "11:16:14 PDT"]
[Termination "Game drawn by agreement"]

1. e4 c5 2. c3 d5 3. exd5 Qxd5 4.
d4 Nc6 5. Nf3 e5 6. Nxe5 Nxe5 7.
dxe5 Qxe5+ 8. Qe2 Qxe2+ 9. Bxe2 Bd7 10. Bf3 O-O-O 11. O-O Bd6 12. Be3 h6 13. Nd2 f5 14.
Nc4 Bb5 15. Nxd6+ Rxd6 16. Bxc5 Rd2 17. Rfe1 b6 18. Ba3 Nf6 19. Rad1 Rhd8 20. Rxd2 Rxd2 21.
Rd1 Rc2 22. h3 Be2 23. Bxe2 Rxe2 24. Kf1 Rc2 25. Kg1 Ne4 26. Rf1 Nd2 27. Re1 Nc4 28. Re7 Nxa3 29. bxa3 Rxc3 30. Rxa7 g5 31. Rh7 Rc6 32. Kh2 b5 33. Kg3 Ra6 34. f3 Kd8 35.
h4 gxh4+ 36. Kxh4 Ke8 37. Kh5 Rxa3 38. Rxh6 Rxa2 39. g4 fxg4 40. fxg4 b4 41. Rb6 Rb2 42.
Kg6 b3 43. Kg7 Rg2 44. Rb4 b2 45. Kf6 Rxg4 46. Rxb2 Rf4+ 47. Ke5 Rc4 48. Kd6 Rh4 49. Ke6 1/2-1/2

[Event "*** SCC Grand Prix: Titled Tuesday Blitz"]
[Site "Chess.com"]
[Date "2020.09.29"]
[Round "7"]
[White "BikingBrian"]
[Black "TokChess"]
[Result "0-1"]
[WhiteElo "2202"]
[BlackElo "2399"]
[TimeControl "180+1"]
[EndTime "11:16:16 PDT"]
[Termination "TokChess won on time"]

1. d4 d5 2. Bf4 Nf6 3. e3 Bg4 4. Qd3 c6 5. c4 e6 6. Qb3 Qc8 7. Nc3 Nbd7 8. cxd5 exd5 9. Rc1 Be7 10. Bd3 O-O 11.
Nge2 Re8 12. O-O Nb6 13. f3 Be6 14. Qc2 Qd7 15. Ng3 Nc8 16. Rcd1 g6 17. Be5 Qd8 18. e4 Nd7 19. Bf4 Bf6 20. e5 Bg7 21. Be3 f5 22. f4 Nf8 23. Nge2 Qe7 24. Kh1 Bd7 25.
Rg1 h5 26. h3 Ne6 27. Rdf1 Nb6 28. b3 Rac8 29. Qd2 c5 30. Nb5 cxd4 31. Nbxd4 Nc5 32. Rc1 Ne4 33. Bxe4 dxe4 34. Rxc8 Rxc8 35. Rc1 Rxc1+ 36.
Qxc1 Nd5 37. Nc3 Nxe3 38. Qxe3 Bf8 39. Nde2 Qc5 40. Qg3 Kf7 41. Qg5 Qe7 42. Qh6 Bg7 43. Qh7 Be8 44. Nd5 Qe6 45. Nf6 Kf8 46. Nd4 Qf7 47. Nb5 Bxf6 0-1

[Event "*** SCC Grand Prix: Titled Tuesday Blitz"]
[Site "Chess.com"]
[Date "2020.09.29"]
[Round "7"]
[White "Salem-AR"]
[Black "GMKrikor"]
[Result "1-0"]
[WhiteElo "2927"]
[BlackElo "2803"]
[TimeControl "180+1"]
[EndTime "11:16:17 PDT"]
[Termination "Salem-AR won on time"]

1. d4 Nf6 2. c4 g6 3. g3 Bg7 4. Bg2 d5 5. cxd5 Nxd5 6. e4 Nb6 7. Ne2 O-O 8. O-O c5 9. d5 e6 10. Nec3 exd5 11. exd5 Na6 12. h4 Bf5 13. Bg5 Qd7 14. Nd2 h6 15. Be3 Rfe8 16. Nde4 Bxe4 17. Nxe4 Rad8 18.
Bxh6 Nxd5 19. Bg5 f6 20. Bd2 Nb6 21. Qc2 f5 22. Bg5 fxe4 23. Rad1 Bd4 24. Bxd8 Rxd8 25.
Qxe4 Qf7 26. Qg4 Nd5 27. h5 Nf6 28. Qg5 Kg7 29. Rfe1 Nb4 30. hxg6 Qd7 31. Rd2 Nbd5 32. Red1 Qe6 33. b4 Re8 34. bxc5 Bxf2+ 35. Rxf2 Ne3 36.
Re1 Qe5 37. Qxe5 Rxe5 38. Rfe2 Nfg4 39. Bxb7 Kxg6 40. Bf3 Rxc5 41. Rxe3 1-0

[Event "*** SCC Grand Prix: Titled Tuesday Blitz"]
[Site "Chess.com"]
[Date "2020.09.29"]
[Round "7"]
[White "freshfoodcompany"]
[Black "PLAYER_2006_M"]
[Result "0-1"]
[WhiteElo "2393"]
[BlackElo "2565"]
[TimeControl "180+1"]
[EndTime "11:16:18 PDT"]
[Termination "PLAYER_2006_M won by checkmate"]

1. d4 e6 2. c4 b6 3. Nc3 Bb7 4. e4 Bb4 5. Bd3 f5 6. Qc2 Nf6 7. Bg5 fxe4 8. Be2 h6 9. Bxf6 Qxf6 10. Nh3 O-O 11. O-O Qxd4 12. Rad1 Qe5 13. Nb5 a6 14.
Nd4 Bd6 15. g3 e3 16. f4 Qe4 17.
Qxe4 Bxe4 18. Bf3 Bxf3 19. Rxf3 Bc5 20. Kf1 Nc6 21. Nxc6 dxc6 22. Ke2 e5 23. fxe5 Rxf3 24. Kxf3 Rf8+ 25. Ke2 g5 26. Rd7 Re8 27. Rxc7 Rxe5 28. Rxc6 Kg7 29. Rc7+ Kg6 30. Rc6+ Kh5 31. Ng1 g4 32. h3 Rf5 33. hxg4+ Kxg4 34. Rg6+ Kh5 35. g4+ Kxg6 36. gxf5+ Kxf5 37. Kf3 a5 38. Ne2 h5 39. Ng3+ Kg6 40. Ne4 Bd4 41. b3 h4 42. a3 Kf5 43.
b4 axb4 44. axb4 h3 45. Ng3+ Ke5 46. c5 b5 47. Kg4 h2 48. Kf3 Kd5 49. Kg2 Be5 50.
Ne2 Ke4 51. c6 Kd5 52. Nc3+ Kxc6 53. Nxb5 Kxb5 54. Kf3 Kxb4 55. Kxe3 h1=Q 56. Kf2 Bd4+ 57. Kg3 Be5+ 58. Kg4 Qe4+ 59. Kh3 Qf3+ 60. Kh4 Bf6# 0-1

[Event "*** SCC Grand Prix: Titled Tuesday Blitz"]
[Site "Chess.com"]
[Date "2020.09.29"]
[Round "7"]
[White "kai_nov"]
[Black "Ural_bogatyr"]
[Result "1-0"]
[WhiteElo "2266"]
[BlackElo "2358"]
[TimeControl "180+1"]
[EndTime "11:16:19 PDT"]
[Termination "kai_nov won on time"]

1. d4 Nf6 2. c4 e5 3. dxe5 Ng4 4. e4 Nxe5 5. f4 Nec6 6. a3 a5 7. Be3 Na6 8. Nc3 Bc5 9. Qd2 O-O 10. Nf3 d6 11. Bd3 Re8 12. O-O Bxe3+ 13. Qxe3 Nc5 14. Bc2 Be6 15. Nd2 f5 16. Rae1 Qf6 17. e5 Qf8 18. Nd5 Rac8 19. Qc3 dxe5 20. fxe5 Nd7 21. Nf3 Qc5+ 22.
Kh1 Nb6 23. Nf4 Qxc4 24. Nxe6 Qxe6 25. Ng5 Qg6 26. Rxf5 Nd5 27. Qb3 Ne7 28. Rf8+ Rxf8 29. Bxg6 hxg6 30. Qh3 Rf5 31. Qh7+ Kf8 32. Qh8+ Ng8 33.
Ne6+ Kf7 34. Qxg7+ Kxe6 35. Qxg6+ Ngf6 36. exf6+ Kd6 37. Qxf5 Rf8 38. f7 c6 39. Qe6+ Kc5 40. Qe8 1-0

[Event "*** SCC Grand Prix: Titled Tuesday Blitz"]
[Site "Chess.com"]
[Date "2020.09.29"]
[Round "7"]
[White "nitpicker"]
[Black "parnali1611"]
[Result "0-1"]
[WhiteElo "2227"]
[BlackElo "2111"]
[TimeControl "180+1"]
[EndTime "11:16:20 PDT"]
[Termination "parnali1611 won on time"]

1. d4 d5 2. c4 e6 3. Nf3 Nf6 4. g3 Bb4+ 5. Bd2 Be7 6. Bg2 O-O 7. Qc2 a6 8. Bf4 Bb4+ 9. Nbd2 c5 10. dxc5 Bxc5 11.
cxd5 Qb6 12. O-O exd5 13. Nb3 Bb4 14. Rac1 Nc6 15. Be3 Qd8 16. Rfd1 Qe7 17. Bc5 Bxc5 18. Nxc5 h6 19. h3 Be6 20. b3 Rac8 21. Qb2 a5 22. e3 Nb4 23. Nd3 Nxd3 24. Rxd3 Rxc1+ 25. Qxc1 Bf5 26. Rc3 Be4 27. Rc7 Qb4 28. Qd2 Bxf3 29. Qxb4 axb4 30. Bxf3 Ra8 31. Rxb7 Rxa2 32. Rxb4 Rb2 33.
Rb5 Ne4 34. Bxe4 dxe4 35. g4 g5 36. Kg2 Kg7 37. Kg3 f6 38. f3 Re2 39. fxe4 Rxe3+ 40. Kf2 Rxe4 41. Kf3 Rf4+ 42. Ke3 Kg6 43. Rb7 h5 44.
gxh5+ Kxh5 0-1

[Event "*** SCC Grand Prix: Titled Tuesday Blitz"]
[Site "Chess.com"]
[Date "2020.09.29"]
[Round "7"]
[White "ENajer77"]
[Black "Guenplen"]
[Result "0-1"]
[WhiteElo "2707"]
[BlackElo "2872"]
[TimeControl "180+1"]
[EndTime "11:16:22 PDT"]
[Termination "Guenplen won on time"]

1. e4 c5 2. Nf3 e6 3. d4 cxd4 4. Nxd4 Nf6 5. Nc3 Nc6 6. Ndb5 Bc5 7. Bf4 O-O 8. Bc7 Qe7 9. Bd6 Bxd6 10. Qxd6 Qd8 11. O-O-O a6 12. Nd4 Na5 13. Nb3 b5 14. f3 Nxb3+ 15. axb3 Bb7 16. Kb1 Bc6 17. h4 Qb8 18. g4 a5 19. Rh2 a4 20. Qxb8 Rfxb8 21. b4 Kf8 22. Rhd2 Ke7 23. Ka2 h6 24. Ka3 g5 25. hxg5 hxg5 26. e5 Nd5 27. Nxd5+ Bxd5 28. Rxd5 exd5 29. Rxd5 Rh8 30. Bxb5 Rh1 31. Ka2 Ra7 32. Bd3 Rb7 33. b5 Rb6 34. Bf5 d6 35. exd6+ Rxd6 36. Re5+ Kd8 37. Rc5 Rdd1 38. Ka3 Ra1+ 39. Kb4 Rhb1 40.
Ka5 Rxb2 41. b6 Rab1 42. Rc8+ Ke7 43. Rc7+ Kd6 44. c4 Rxb6 45. Rxf7 a3 0-1